 Dungeon Crawl Stone Soup version 0.20.0-15-g7f486f2 (webtiles) character file.

8586 KleinerIrrer the Bludgeoner (level 11, -1/60 HPs)
             Began as a Gargoyle Fighter on June 30, 2017.
             Was an Initiate of the Shining One.
             Slain by a yak (10 damage)
             ... on level 2 of the Lair of Beasts.
             The game lasted 00:23:04 (10845 turns).

KleinerIrrer the Bludgeoner (Gargoyle Fighter)     Turns: 10845, Time: 00:23:05

Health: -1/60      AC: 18    Str: 28    XL:     11   Next: 33%
Magic:  11/11      EV:  8    Int:  9    God:    the Shining One [......]
Gold:   467        SH: 10    Dex: 13    Spells: 10/10 levels left

rFire    . . .     SeeInvis .   r - +1 whip (flame)
rCold    . . .     Gourm    .   c - +0 shield
rNeg     + + .     Faith    .   o - +3 ring mail of Zyfy {rN+ MR+ Dex+4}
rPois    ∞         Spirit   .   (no helmet)
rElec    +         Reflect  .   (no cloak)
rCorr    .         Harm     +   (no gloves)
MR       +....                  m - +0 pair of boots
Stlth    +.........             g - amulet of harm
Regen    0.2/turn               (no ring)
MPRegen  0.2/turn               (no ring)

@: mighty, glowing
A: negative energy resistance 1, electricity resistance, unbreathing,
petrification resistance, rot immunity, AC +7
a: Renounce Religion


You were on level 2 of the Lair of Beasts.
You worshipped the Shining One.
The Shining One was noncommittal.
You were hungry.

You visited 3 branches of the dungeon, and saw 12 of its levels.

You collected 467 gold pieces.

Inventory:

Hand Weapons
 r - a +1 whip of flaming (weapon)
 t - a +2 flail of draining
Armour
 a - a +0 large shield
 c - a +0 shield (worn)
 m - a +0 pair of boots (worn)
 o - the +3 ring mail of Zyfy (worn) {rN+ MR+ Dex+4}
   (You found it on level 1 of the Lair of Beasts)

   It affects your dexterity (+4).
   It protects you from negative energy.
   It affects your resistance to hostile enchantments.
 I - a +0 scale mail of fire resistance
Jewellery
 g - an amulet of harm (around neck)
 v - an uncursed ring of ice
 C - an uncursed amulet of guardian spirit
Wands
 q - a wand of paralysis (3/24)
 H - a wand of digging (11/24)
 K - a wand of lightning (3/15)
Scrolls
 e - a scroll of holy word {unknown}
 j - 4 scrolls of teleportation
 p - 2 scrolls of random uselessness {unknown}
 u - 2 scrolls of enchant weapon {unknown}
 x - a scroll of amnesia {unknown}
 y - 2 scrolls of magic mapping
 z - a scroll of recharging {unknown}
 B - a scroll of fog
 E - a scroll of immolation {unknown}
 F - 3 scrolls of blinking
 N - a scroll of vulnerability {unknown}
Potions
 b - 5 potions of curing
 d - 3 potions of might
 k - a potion of brilliance {unknown}
 l - 2 potions of flight {unknown}
 n - 2 potions of resistance {unknown}
 s - a potion of mutation {unknown}
 w - a potion of invisibility {unknown}
 A - a potion of berserk rage {unknown}
 D - a potion of ambrosia {unknown}
 G - a potion of magic {unknown}
Comestibles
 f - 12 bread rations
 h - 3 meat rations
 L - 2 royal jellies


   Skills:
 - Level 3.4 Fighting
 - Level 15.0 Maces & Flails
 + Level 8.6 Armour
 - Level 3.7 Shields


You had 10 spell levels left.
You didn't know any spells.

Dungeon Overview and Level Annotations

Branches:
Dungeon (9/15)             Temple (1/1) D:7            Lair (2/6) D:9
  Swamp: Lair:2-4    Shoals: Lair:2-4     Snake: Lair:2-4    Spider: Lair:2-4
    Orc: D:9-12

Altars:
Ashenzari
Cheibriados
Dithmenos
Elyvilon
Fedhas
Gozag
Hepliaklqana
Kikubaaqudgha
Makhleb
Nemelex Xobeh
Okawaru
Qazlal
Ru
Sif Muna
Trog
Uskayaw
Vehumet
Xom
Yredelemnul
Zin
The Shining One


Innate Abilities, Weirdness & Mutations

You are resistant to torment.
Your stone body is resilient. (AC +7)
You are immune to poison.
You resist negative energy. (rN+)
You are resistant to electric shocks. (rElec)
You can survive without breathing.
You are immune to petrification.
You are immune to rotting.


Message History

You are too injured to fight recklessly!
You hit the yak. You burn the yak.
The yak is severely wounded.
The yak gores you but does no damage.
You barely miss the yak.
The yak is severely wounded.
The yak gores you!
* * * LOW HITPOINT WARNING * * *
You barely miss the yak.
The yak is severely wounded.
The yak gores you.
* * * LOW HITPOINT WARNING * * *
You feel very mighty all of a sudden. You block the yak's attack.
The yak barely misses you.
You whack the yak! You burn the yak.
You kill the yak!
You whack the yak! You burn the yak.
The yak is heavily wounded.
The yak gores you!
You die...

... ..P.. ##.. ....
....... #+. #...........
#..#.##..... #.#...P....#
#..........#
###.#........## .
#@Y...........# ..#
####†..........#
...#####.P##..÷<..≈≈..#
.............≈..≈≈≈≈..#
......+....≈≈≈≈≈≈≈≈≈≈.#
.....#..#Y..≈≈≈≈≈≈≈≈≈.P#
.............≈≈≈≈≈≈≈≈...#
...P.....#.Y.≈≈≈≈≈≈≈.....
#P...P..Y.....≈≈≈.≈.....


You could see a yak.

Vanquished Creatures
  A hydra (Lair:1)
  Pikel (D:4)
  A komodo dragon (Lair:1)
  A rime drake (Lair:1)
  A troll (D:9)
  Prince Ribbit (D:6)
  3 hippogriffs
  5 yaks (Lair:2)
  A spriggan (D:8)
  A basilisk (D:9)
  Edmund (D:5)
  3 water moccasins
  5 porcupines
  An orc warrior (D:6)
  An ice beast (D:7)
  A sky beast (D:6)
  2 phantoms
  8 wolves
  4 ogres
  2 centaurs
  3 crocodiles
  8 bullfrogs
  A wyvern skeleton (D:9)
  4 scorpions
  A howler monkey (D:4)
  An electric eel (Lair:2)
  5 crimson imps
  A centaur zombie (D:7)
  3 bullfrog zombies
  2 hounds (D:6)
  A centaur skeleton (D:5)
  3 orc priests
  A jelly (D:6)
  Ijyb (D:4)
  4 iguanas
  5 worker ants
  5 orc wizards
  A hound zombie (D:5)
  A worker ant zombie (D:9)
  19 adders
  11 gnolls
  7 shadow imps
  2 oozes
  2 adder zombies
  4 adder skeletons
  3 worms (D:3)
  2 dart slugs
  8 leopard geckos
  23 orcs
  7 giant cockroaches
  8 goblins
  6 hobgoblins
  8 jackals
  7 quokkas
  A ball python (D:1)
  4 bats
  3 frilled lizards
  2 jackal skeletons
  2 jackal zombies
  7 kobolds
  A leopard gecko skeleton (D:4)
  A quokka skeleton (D:5)
  6 rats
239 creatures vanquished.

Notes
Turn   | Place    | Note
-------+----------+-------------------------------------------
     0 | D:1      | KleinerIrrer the Gargoyle Fighter began the quest for the Orb.
     0 | D:1      | Reached XP level 1. HP: 14/14 MP: 1/1
   129 | D:1      | Reached XP level 2. HP: 19/19 MP: 2/2
   892 | D:2      | Reached XP level 3. HP: 21/23 MP: 3/3
   947 | D:2      | Reached skill level 3 in Maces & Flails
  1176 | D:2      | Found a stormy altar of Qazlal.
  1178 | D:2      | Reached XP level 4. HP: 28/28 MP: 4/4
  1445 | D:2      | Reached skill level 4 in Maces & Flails
  1668 | D:2      | Found a bloodstained altar of Trog.
  1672 | D:2      | Found a shadowy altar of Dithmenos.
  1673 | D:2      | Found a burning altar of Makhleb.
  1673 | D:2      | Found a hazy altar of Hepliaklqana.
  1873 | D:3      | Reached XP level 5. HP: 16/32 MP: 5/5
  2282 | D:3      | Reached skill level 5 in Maces & Flails
  2653 | D:4      | Reached XP level 6. HP: 21/37 MP: 6/6
  2860 | D:4      | Reached skill level 6 in Maces & Flails
  3121 | D:4      | Noticed Ijyb
  3137 | D:4      | Killed Ijyb
  3289 | D:4      | Noticed a slave
  3291 | D:4      | Noticed Pikel
  3292 | D:4      | Noticed a slave
  3292 | D:4      | Noticed a slave
  3293 | D:4      | Noticed a slave
  3349 | D:4      | Killed Pikel
  3349 | D:4      | Reached skill level 8 in Maces & Flails
  3349 | D:4      | Reached XP level 7. HP: 32/41 MP: 7/7
  3509 | D:5      | Entered Level 5 of the Dungeon
  3541 | D:5      | Reached XP level 8. HP: 30/46 MP: 8/8
  3695 | D:5      | Reached skill level 9 in Maces & Flails
  4077 | D:5      | Noticed Edmund
  4110 | D:5      | Killed Edmund
  4141 | D:5      | Reached skill level 10 in Maces & Flails
  5044 | D:6      | Reached skill level 11 in Maces & Flails
  5044 | D:6      | Reached XP level 9. HP: 51/51 MP: 9/9
  5442 | D:6      | Noticed Prince Ribbit
  5463 | D:6      | Killed Prince Ribbit
  5463 | D:6      | Reached skill level 12 in Maces & Flails
  5727 | D:7      | Found a staircase to the Ecumenical Temple.
  6281 | D:7      | Reached skill level 13 in Maces & Flails
  6800 | D:8      | Reached XP level 10. HP: 55/56 MP: 10/10
  7023 | D:8      | Found an opulent altar of Gozag.
  7550 | D:9      | Reached skill level 14 in Maces & Flails
  7751 | D:9      | Found a staircase to the Lair.
  8808 | Temple   | Entered the Ecumenical Temple
  8960 | Temple   | Became a worshipper of Elyvilon the Healer
  8982 | Temple   | Fell from the grace of Elyvilon
  8982 | Temple   | Became a worshipper of the Shining One
  9046 | Lair:1   | Entered Level 1 of the Lair of Beasts
  9159 | Lair:1   | Reached skill level 15 in Maces & Flails
  9464 | Lair:1   | Got a smoking ring mail
  9475 | Lair:1   | Identified the +3 ring mail of Zyfy {rN+ MR+ Dex+4} (You found it on level 1 of the Lair of Beasts)
  9486 | Lair:1   | Noticed a five-headed hydra
  9498 | Lair:1   | Killed a five-headed hydra
  9498 | Lair:1   | Reached XP level 11. HP: 33/60 MP: 11/11
  9877 | Lair:1   | Found a basalt altar of Yredelemnul.
 10845 | Lair:2   | Slain by a yak

Skill      XL: |  1  2  3  4  5  6  7  8  9 10 11 |
---------------+----------------------------------+-----
Maces & Flails | 3 4 5 8 11 13 15 | 15.0
Armour         | 6 8 |  8.6
Fighting       | |  3.4
Shields        | |  3.7

Action                   |  1- 3 |  4- 6 |  7- 9 | 10-12 || total
-------------------------+-------+-------+-------+-------++-------
Melee: Flail             |   132 |   283 |   294 |   164 ||   873
       Whip              |       |       |   106 |   199 ||   305
  Use: Scroll            |       |     5 |     4 |     3 ||    12
       Potion            |       |     1 |       |     4 ||     5
  Eat: Chunk             |     1 |     7 |    12 |     8 ||    28
       Bread ration      |       |       |       |     1 ||     1
Armor: Scale mail        |    56 |   103 |    11 |    67 ||   237
       Chain mail        |       |    78 |   159 |       ||   237
       Ring mail         |       |       |       |    58 ||    58
Dodge: Dodged            |    46 |    69 |    56 |    81 ||   252
Block: Shield            |    73 |   152 |   142 |   124 ||   491
